 Dungeon Crawl Stone Soup version 0.30-a0-715-gdb4ae3ece1 (webtiles) character file.

Game seed: 14588620845110425111

6 drugrobin the Sneak (level 1, 0/18 HPs)
             Began as a Demigod Delver on Jan 23, 2023.
             Slain by an orc
             ... wielding a +0 dagger
              (3 damage)
             ... on level 4 of the Dungeon.
             The game lasted 00:03:28 (320 turns).

drugrobin the Sneak (Demigod Delver)                 Turns: 320, Time: 00:03:29

Health: 0/18       AC:  3    Str: 13    XL:     1   Next: 60%
Magic:  3/3        EV: 11    Int: 12    God:
Gold:   0          SH:  0    Dex: 15    Spells: 0/0 levels left

rFire   . . .      SeeInvis .    e - +0 short sword
rCold   . . .      Faith    .    (no shield)
rNeg    . . .      Spirit   .    a - +0 leather armour
rPois   .          Reflect  .    (no helmet)
rElec   .          Harm     .    (no cloak)
rCorr   .          Rampage  .    (no gloves)
Will    .....                    (no boots)
Stlth   +++                      (no amulet)
HPRegen 0.23/turn                (no ring)
MPRegen 0.08/turn                (no ring)

@: no status effects
A: high MP 1, forlorn, divine attributes
a: no special abilities


You were on level 4 of the Dungeon.
You visited 1 branch of the dungeon, and saw 3 of its levels.

Inventory:

Hand Weapons
 e - a +0 short sword (weapon)
Missiles
 h - 4 stones (quivered)
Armour
 a - a +0 leather armour (worn)
Wands
 c - a wand of iceblast (10)
 f - a wand of digging (1)
Scrolls
 b - a scroll of fog
 g - a scroll of identify
Potions
 d - a potion of curing


   Skills:
 - Level 2.6 Fighting
 - Level 1.7 Dodging
 - Level 4.5 Stealth
 + Level 2.3 Unarmed Combat


You couldn't memorise any spells.
You didn't know any spells.
Your spell library was empty.

Dungeon Overview and Level Annotations

Branches:
Dungeon (5/15)             Temple (0/1) D:4

Shops:
D:3 ?

Annotations:
D:3 Robin
D:4 exclusion: iguana, Blork the orc


Innate Abilities, Weirdness & Mutations

You have an increased reservoir of magic. (+10% MP)
You shall have no god before yourself.
Your divine heritage dramatically boosts your attributes as you level up.


Message History

Unknown command.
Unknown command.
Unknown command.
Unknown command.
Unknown command.
Okay, then.
Okay, then.
Aiming: Dig
Press: ? - help, Shift-Dir - straight line A rock wall.
Okay, then.
Unknown command.
Unknown command.
Aiming: Iceblast
Press: ? - help, Shift-Dir - straight line
Okay, then.
Unknown command.
Unknown command.
Unknown command.
Unknown command.
Okay, then.
Aiming: Dig
Press: ? - help, Shift-Dir - straight line A rock wall.
The rock shatters into small pieces.
The hobgoblin barely misses you. The orc hits you but does no damage.
The orc wizard hits you with a +1 dagger of flaming.
* * * LOW HITPOINT WARNING * * *
The orc wizard burns you.
* * * LOW HITPOINT WARNING * * *
A goblin comes into view. It is wielding a +0 club.
Unknown command.
Unknown command.
Unknown command.
Unknown command.
Unknown command.
Unknown command.
Unknown command.
The orc attacks as you move away! The orc hits you with a +0 dagger.
You die...

*,,* *,,* ******* *,,*
+,,,*,******** **,,*
,,,,,*,,**,,,* *****,,,*
,,,,****,+,,,* **,*,,,,,, +,,**
***,,,*♣### ***,,,,,,,,, ****
*****♣.g## *,,,,,,,,,,* * #@o#
**,,,*,,,**** *
#o.#**,,,***,,,,*, *
*#.w.#,,,,****,,,,* **
*....#*,,,,,,,,,,** ,**
*#..h#**,,,,,,,,,,,
,,*************#....*,,,,,,,***,,
*,,,,,,,,,,,,,*......,,,,**** *,,
************,,,g.#....*,,,*** *,.
*,,,,,**,,,**,,*,****.


You could see a hound, an orc wizard, a dart slug, an orc, a hobgoblin and a
goblin (wandering).

Vanquished Creatures
  4 goblins (D:3)
  A kobold (D:3)
5 creatures vanquished.

Notes
Turn   | Place    | Note
-------+----------+-------------------------------------------
     0 | D:5      | drugrobin the Demigod Delver began the quest for the Orb.
     0 | D:5      | Reached XP level 1. HP: 18/18 MP: 3/3
    32 | D:5      | Noticed a phantom
    75 | D:5      | Noticed an orc priest
    75 | D:5      | Noticed an orc wizard
   131 | D:4      | Noticed Blork the orc
   131 | D:4      | Noticed an iguana
   136 | D:4      | Noticed an iguana
   218 | D:3      | Noticed Robin
   282 | D:3      | Found Atzo's Magic Scroll Emporium.
   297 | D:3      | Noticed an orc wizard
   310 | D:3      | Noticed an orc wizard
   318 | D:4      | Noticed a hound
   320 | D:4      | Slain by an orc

Illustrated notes

Levels and vault maps discovered:
D:3:      layout_loops_cross, nicolae_overflow_hidden_temple,
          mainiacjoe_overflow_swirl, serial_shops, shop,
          kennysheep_generic_room_16, uniq_robin, uniq_grinder
D:4:      layout_cave_pools, minmay_temple_entry_grid, gup_sewer_entry_glass,
          grunt_tough_drop, uniq_crazy_yiuf_cottage, uniq_blork_the_orc,
          uniq_pikel
D:5:      layout_loops_ring

Skill      XL: |  1 |
---------------+----+-----
Unarmed Combat | 2 |  2.3
Fighting       | |  2.6
Dodging        | |  1.7
Stealth        | |  4.5

Action                     || total
---------------------------++-------
  Melee: Unarmed           ||    30
         Short sword       ||    10
         Punch             ||     1
  Evoke: Wand              ||     2
    Use: Scroll            ||     3
         Potion            ||     3
   Stab: Sleeping          ||     1
 Armour: Leather armour    ||    15
  Dodge: Dodged            ||    25

Table legend: (Time is in decaauts)
 A = Elapsed time spent in this place.
 B = Non-inter-level travel time spent in this place.
 C = Inter-level travel time spent in this place.
 D = Time resting spent in this place.
 E = Time spent auto-exploring this place.
 F = Levels seen in this place.
 G = Mean time per level.
                   A        B        C        D        E       F      G
               +--------+--------+--------+--------+--------+-----+--------+
         Total |    283 |    283 |      0 |      0 |      0 |   3 |   94.3 |
       Dungeon |    283 |    283 |      0 |      0 |      0 |   3 |   94.3 |
               +--------+--------+--------+--------+--------+-----+--------+

Top non-repeatable levels by time:
     D:3: 140 daAuts
     D:5: 93 daAuts
     D:4: 48 daAuts
